 Dungeon Crawl Stone Soup version 0.22.1-1-ga44c0e5 (webtiles) character file.

105 MalarOregon the Slasher (level 4, 0/39 HPs)
             Began as a Minotaur Berserker on Sept 23, 2018.
             Was a Believer of Trog.
             Slain by a gnoll
             ... wielding a +0 spear
              (8 damage)
             ... on level 3 of the Dungeon.
             The game lasted 00:02:38 (1577 turns).

MalarOregon the Slasher (Minotaur Berserker)        Turns: 1577, Time: 00:02:39

Health: 0/39       AC:  3    Str: 22    XL:     4   Next: 53%
Magic:  3/3        EV: 11    Int:  4    God:    Trog [**....]
Gold:   123        SH:  3    Dex: 10    Spells: 3/3 levels left

rFire    . . .     SeeInvis .   a - +0 long sword
rCold    . . .     Gourm    .   o - +0 buckler (curse)
rNeg     . . .     Faith    .   f - +0 leather armour
rPois    .         Spirit   .   (helmet restricted)
rElec    .         Reflect  .   (no cloak)
rCorr    .         Harm     .   (no gloves)
MR       .....                  (no boots)
Stlth    +.........             (no amulet)
HPRegen  0.13/turn              s - -3 ring of slaying (curse)
MPRegen  0.08/turn              (no ring)

@: berserk cooldown, slowed, very slow
A: retaliatory headbutt, horns 2
a: Berserk, Trog's Hand, Renounce Religion


You were on level 3 of the Dungeon.
You worshipped Trog.
Trog was pleased with you.
You were very hungry.

You visited 1 branch of the dungeon, and saw 3 of its levels.

You collected 123 gold pieces.

Inventory:

Hand Weapons
 a - a +0 long sword (weapon)
   (You found it on level 3 of the Dungeon)
Missiles
 b - 6 needles of confusion
 n - 24 poisoned needles
Armour
 f - a +0 leather armour (worn)
   (You found it on level 1 of the Dungeon)
 o - a cursed +0 buckler (worn)
   (You found it on level 2 of the Dungeon)
Jewellery
 i - an uncursed amulet of guardian spirit {unknown}
   (You found it on level 1 of the Dungeon)
 m - an uncursed amulet of rage {unknown}
   (You found it on level 1 of the Dungeon)
 s - a cursed -3 ring of slaying (left hand)
   (You found it on level 3 of the Dungeon)
Scrolls
 d - 8 scrolls of identify {unknown}
 g - 3 scrolls of teleportation {unknown}
 k - 2 scrolls of enchant armour {unknown}
 p - a scroll of magic mapping {unknown}
 q - a scroll of fear {unknown}
Potions
 h - a potion of curing {unknown}
 j - a potion of resistance {unknown}
 l - a potion of brilliance {unknown}
 r - a potion of flight {unknown}
Comestibles
 c - 5 chunks of flesh
 e - 4 rations {!d}


   Skills:
 - Level 3.6 Fighting
 * Level 6.1 Long Blades
 - Level 2.4 Armour
 - Level 2.1 Dodging
 + Level 1.9 Shields


You had 3 spell levels left.
You didn't know any spells.
Your spell library was empty.

Dungeon Overview and Level Annotations

Branches:
Dungeon (3/15)

Altars:


Innate Abilities, Weirdness & Mutations

You reflexively headbutt those who attack you in melee.
You have a pair of horns on your head.


Message History

A red film seems to cover your vision as you go berserk!
You feel yourself moving faster!
You feel mighty!
You are feeling hungry.
The gnoll hits you. The gnoll closely misses you.
Unknown command.
You barely miss the gnoll. Your headbutt misses the gnoll. The gnoll hits you.
The gnoll hits you but does no damage.
You barely miss the gnoll. The gnoll hits you but does no damage.
The gnoll hits you from afar with a spear.
You slash the gnoll! Your headbutt misses the gnoll. The gnoll hits you.
* * * LOW HITPOINT WARNING * * *
The gnoll hits you from afar with a spear!
* * * LOW HITPOINT WARNING * * *
You hit the gnoll.
You kill the gnoll!
Trog accepts your kill.
Unknown command.
The gnoll hits you with a spear.
* * * LOW HITPOINT WARNING * * *
You see here a gnoll corpse.
You barely miss the gnoll. You headbutt the gnoll!
The gnoll hits you but does no damage.
You barely miss the gnoll. The gnoll closely misses you.
You slash the gnoll!
You kill the gnoll!
Trog accepts your kill.
Your Long Blades skill increases to level 6!
You barely miss the rat.
You are feeling very hungry.
You closely miss the rat. Your headbutt misses the rat.
The rat completely misses you.
You hit the rat.
You kill the rat!
Trog accepts your kill.
Unknown command.
You hit the gnoll. Your headbutt misses the gnoll. You slash the gnoll!
You kill the gnoll!
Trog accepts your kill. The gnoll closely misses you.
The gnoll hits you with a spear.
* * * LOW HITPOINT WARNING * * *
Items here: )) ††† a club; a spear; a gnoll corpse; a rat corpse; a gnoll corpse You barely miss the gnoll.
You are no longer berserk.
You are exhausted.
You feel yourself slow down.
You hit the gnoll but do no damage. The gnoll hits you with a spear!
You die...

### #.. ### #.# ..###
###.# #.#.! ....# #.#.#
#.#.# # #.#.# #.#.#.#
#.##.####.#.######.#.#.#
......g@†.!..........#.#
..##..#####.######.#...#
.... #.# ...#...# ....
#.# #####...# ... #.#
#......# .. #.# #.##.#.#
######################
###.#..#.#
........#...........#
...........
#######.#.#########.#
..##.####.#


You could see a gnoll.

Vanquished Creatures
  3 gnolls (D:3)
  An adder (D:2)
  2 worms
  3 dart slugs
  2 leopard geckos
  An orc (D:3)
  3 giant cockroaches (D:1)
  5 goblins
  6 hobgoblins
  4 jackals (D:1)
  3 quokkas
  A ball python (D:2)
  4 bats
  2 frilled lizards
  6 kobolds
  5 rats
51 creatures vanquished.

Notes
Turn   | Place    | Note
-------+----------+-------------------------------------------
     0 | D:1      | MalarOregon the Minotaur Berserker began the quest for the
                  | Orb.
     0 | D:1      | Reached XP level 1. HP: 19/19 MP: 0/0
   185 | D:1      | Reached skill level 4 in Long Blades
   344 | D:1      | Reached XP level 2. HP: 26/26 MP: 1/1
   532 | D:1      | Reached ** piety under Trog
   532 | D:1      | Reached skill level 5 in Long Blades
   737 | D:2      | Reached XP level 3. HP: 22/31 MP: 2/2
  1129 | D:2      | Reached skill level 1 in Shields
  1519 | D:3      | Reached XP level 4. HP: 33/39 MP: 3/3
  1569 | D:3      | Reached skill level 6 in Long Blades
  1577 | D:3      | Slain by a gnoll

Skill      XL: |  1  2  3  4 |
---------------+-------------+-----
Long Blades    | 4 5 6 |  6.1
Shields        | 1 |  1.9
Fighting       | |  3.6
Armour         | |  2.4
Dodging        | |  2.1

Action                   |  1- 3 |  4- 6 || total
-------------------------+-------+-------++-------
Melee: Falchion          |    96 |       ||    96
       Headbutt          |    16 |     2 ||    18
       Long sword        |     7 |    18 ||    25
Invok: Berserk           |       |     1 ||     1
  Eat: Chunk             |     2 |       ||     2
Armor: Leather armour    |    18 |     3 ||    21
Dodge: Dodged            |    59 |     7 ||    66
Block: Buckler           |     4 |       ||     4
       Rpst.: Falchion   |    12 |       ||    12
